 Dungeon Crawl Stone Soup version 0.21-a0-442-g848f44b (webtiles) character file.

52 torrenera the Charlatan (level 4, -2/25 HPs)
             Began as a Kobold Artificer on Nov 15, 2017.
             Slain by a centaur
             ... wielding a cursed +0 shortbow
              (4 damage)
             ... on level 2 of the Dungeon.
             The game lasted 00:05:21 (1667 turns).

torrenera the Charlatan (Kobold Artificer)          Turns: 1667, Time: 00:05:22

Health: -2/25      AC:  4    Str:  9    XL:     4   Next: 8%
Magic:  7/7        EV: 14    Int: 12    God:
Gold:   92         SH:  0    Dex: 16    Spells: 3/3 levels left

rFire    . . .     SeeInvis .   a - +0 short sword
rCold    . . .     Gourm    .   (shield restricted)
rNeg     . . .     Faith    .   b - +0 leather armour
rPois    .         Spirit   .   (no helmet)
rElec    .         Reflect  .   (no cloak)
rCorr    .         Harm     .   (no gloves)
MR       .....                  i - +0 pair of boots
Stlth    ++........             (no amulet)
HPRegen  0.08/turn              (no ring)
MPRegen  0.10/turn              (no ring)

@: no status effects
A: carnivore 3
a: no special abilities


You were on level 2 of the Dungeon.
You were completely stuffed.

You visited 1 branch of the dungeon, and saw 2 of its levels.

You collected 92 gold pieces.

Inventory:

Hand Weapons
 a - a +0 short sword (weapon)
Missiles
 h - 20 sling bullets
Armour
 b - a +0 leather armour (worn)
 i - a +0 pair of boots (worn)
Wands
 c - a wand of flame (14/48)
 d - a wand of enslavement (12/24)
 e - a wand of random effects (15/48)
Scrolls
 g - a scroll of remove curse {unknown}
 k - a scroll of enchant armour {unknown}
 l - a scroll of immolation {unknown}
 n - 2 scrolls of amnesia {unknown}
Potions
 j - a potion of brilliance {unknown}
 m - a potion of heal wounds
 o - a potion of flight {unknown}
Comestibles
 f - a meat ration


   Skills:
 - Level 1.1 Fighting
 * Level 3.6 Short Blades
 - Level 2.4 Dodging
 - Level 1.3 Stealth
 + Level 4.6 Evocations


You had 3 spell levels left.
You didn't know any spells.

Dungeon Overview and Level Annotations

Branches:
Dungeon (2/15)

Altars:
Vehumet


Innate Abilities, Weirdness & Mutations

You are small and have problems with some larger weapons.
You are carnivorous and can eat meat at any time.


Message History

The centaur shoots an arrow.
The arrow hits you!
The centaur shoots an arrow.
The arrow barely misses you.
You see here an arrow.
The centaur hits you with a shortbow! The centaur barely misses you.
You hit the centaur.
The centaur is lightly wounded.
The centaur closely misses you.
You hit the centaur but do no damage.
The centaur is lightly wounded.
The centaur hits you with a shortbow.
* * * LOW HITPOINT WARNING * * *
Evoke which item? (* to show all) (? for menu, Esc to quit)
Aiming: Enslavement
Press: ? - help, Shift-Dir - straight line, f - centaur
Aim: a centaur, wielding a shortbow (lightly wounded, chance to defeat MR: 60%)
The centaur resists with significant effort.
This wand has 12 charges left.
The centaur hits you with a shortbow.
* * * LOW HITPOINT WARNING * * *
The centaur hits you with a shortbow.
You die...

#.####.# #.#
#......# #.#
######## #.# ###
#####.# ##.##
####...#.# ##...#
#.......<###..#..
#.##.....##.#.#..
###.............#..
#c@..........######
#(#.............#..
#(#.##......###.#.#
#(#.##.....## #.#.#
#.#........## #...#
#.########..###.###
#.# ##'..##..## #.#
##.......... #.#
##......####.


You could see a centaur.

Vanquished Creatures
  2 adders (D:2)
  An ooze (D:1)
  A dart slug (D:2)
  3 ball pythons (D:1)
  6 bats
  A giant cockroach (D:2)
  6 goblins
  2 hobgoblins (D:1)
  A kobold (D:1)
  3 frilled lizards
  5 rats
31 creatures vanquished.

Vanquished Creatures (collateral kills)
  A worm (D:2)
1 creature vanquished.

Grand Total: 32 creatures vanquished

Notes
Turn   | Place    | Note
-------+----------+-------------------------------------------
     0 | D:1      | torrenera the Kobold Artificer began the quest for the Orb.
     0 | D:1      | Reached XP level 1. HP: 12/12 MP: 3/3
   177 | D:1      | Reached skill level 4 in Evocations
   177 | D:1      | Reached XP level 2. HP: 12/16 MP: 5/5
   553 | D:1      | Reached XP level 3. HP: 19/20 MP: 6/6
  1132 | D:2      | Found a radiant altar of Vehumet.
  1403 | D:2      | Noticed a centaur
  1506 | D:2      | Reached XP level 4. HP: 25/25 MP: 7/7
  1667 | D:2      | Slain by a centaur

Vault maps used:
D:1:      matt_arrival_spirals, nrook_uturn
D:2:      nicolae_overflow_hidden_temple, roderic_roman_lattice,
          minmay_fountain_box, minivault_24

Skill      XL: |  1  2  3 |
---------------+----------+-----
Evocations     | 4 |  4.6
Short Blades   | 2 3 |  3.6
Fighting       | |  1.1
Dodging        | |  2.4
Stealth        | |  1.3

Action                   |  1- 3 |  4- 6 || total
-------------------------+-------+-------++-------
Melee: Short sword       |   107 |     2 ||   109
Evoke: Wand              |     3 |     1 ||     4
  Use: Potion            |       |     1 ||     1
 Stab: Sleeping          |     3 |       ||     3
  Eat: Chunk             |    10 |     1 ||    11
Armor: Leather armour    |    40 |       ||    40
Dodge: Dodged            |    95 |     3 ||    98

Table legend:
 A = Spawn XP
 B = Non-spawn XP
 C = Spawn XP percentage of total XP
 D = Spawn monster count
 E = Non-spawn monster count
 F = Spawn count percentage of total count
 G = Total turns spent on level
                    A         B        C        D         E        F      G
               +---------+---------+-------+---------+---------+-------+---------
         Total |       0 |      75 |   0.0 |       0 |      32 |   0.0 |  1667
               +---------+---------+-------+---------+---------+-------+---------
           D:1 |       0 |      34 |   0.0 |       0 |      18 |   0.0 |   889
           D:2 |       0 |      41 |   0.0 |       0 |      14 |   0.0 |   778
               +---------+---------+-------+---------+---------+-------+---------
